 Dungeon Crawl Stone Soup version 0.30-a0-879-ga8ba668304 (webtiles) character file.

Game seed: 17042451725065111015

58 FallingFreak the Grasshopper (level 3, -4/31 HPs)
             Began as an Armataur Warper on Mar 12, 2023.
             Slain by Ijyb
             ... wielding a +4 club
              (8 damage)
             ... on level 3 of the Dungeon.
             The game lasted 00:11:01 (2083 turns).

FallingFreak the Grasshopper (Armataur Warper)      Turns: 2083, Time: 00:11:01

Health: -4/31      AC:  4    Str: 16    XL:     3   Next: 76%
Magic:  6/6        EV:  9    Int: 15    God:
Gold:   95         SH:  0    Dex:  9    Spells: 2/6 levels left

rFire   . . .      SeeInvis .    b - +1 dagger (venom)
rCold   . . .      Faith    .    (no shield)
rNeg    . . .      Spirit   .    q - +0 leather armour
rPois   .          Reflect  .    (no helmet)
rElec   .          Roll     +    (no cloak)
rCorr   .                        (no gloves)
Will    .....                    (no barding)
Stlth   +                        (no amulet)
HPRegen 0.25/turn                (no ring)
MPRegen 0.10/turn                (no ring)

@: no status effects
A: large, rugged brown scales 3, deformed body, armoured tail, roll, long
tongue, awkward tongue
a: no special abilities


You were on level 3 of the Dungeon.
You visited 1 branch of the dungeon, and saw 3 of its levels.

You collected 137 gold pieces.
You spent 42 gold pieces at shops.

Inventory:

Hand Weapons
 a - a +0 mace
 b - a +1 dagger of venom (weapon)
Missiles
 d - 5 boomerangs of dispersal (quivered) {!f}
 r - 18 stones
Armour
 p - an orb of energy
 q - a +0 leather armour (worn)
Scrolls
 f - a scroll of blinking
 g - 2 scrolls of poison {unknown}
 j - a scroll of identify {unknown}
 k - a scroll of magic mapping {unknown}
 m - a scroll of enchant armour {unknown}
 o - a scroll of noise {unknown}
Potions
 c - 2 potions of magic {unknown}
 e - 2 potions of might {unknown}
 h - 2 potions of cancellation {unknown}
 i - a potion of haste {unknown}
 n - a potion of degeneration {unknown}
 z - 2 potions of curing
 Q - a potion of resistance


   Skills:
 + Level 1.8 Fighting
 - Level 2.3 Maces & Flails
 - Level 0.8 Throwing
 + Level 2.4 Armour
 - Level 1.3 Dodging
 + Level 2.2 Spellcasting
 + Level 3.4 Translocations


You had 2 spell levels left.
You knew the following spells:

 Your Spells              Type           Power      Damage    Failure   Level
c - Blink                 Tloc           24%        N/A       10%         2
Z - Lesser Beckoning      Tloc           24%        N/A       10%         2

Your spell library contained the following spells:

 Spells                   Type           Power      Damage    Failure   Level
 Apportation              Tloc           24%        N/A       6%          1
 Momentum Strike          Conj/Tloc      12%        3d8       19%         2
 Teleport Other           Tloc           12%        N/A       19%         3
 Vhi's Electric Charge    Tloc/Air       12%        N/A       36%         3
 Kindle Blastsparks       Fire/Tloc/Air  10%        2d10      43%         3
 Manifold Assault         Tloc           12%        N/A       52%         4
 Ignite Poison            Fire/Tmut/Pois 1%         N/A       61%         3
 Alistair's Intoxication  Tmut/Pois      0%         N/A       100%        5
 Freezing Cloud           Conj/Ice/Air   0%         6-21      100%        5


Dungeon Overview and Level Annotations

Branches:
Dungeon (3/15) Zot: 15886

Altars:
Dithmenos

Shops:
D:1 !

Annotations:
D:3 Ijyb


Innate Abilities, Weirdness & Mutations

You are completely covered in rugged brown scales. (AC +3, +7% HP)
Armour fits poorly on your strangely shaped body.
You have a long armoured tail.
You roll when moving toward enemies. (Rampage)
Your long tongue fully drains potion bottles. (2x potion effects)
Your tongue gives you trouble enunciating. (1.5x scroll delay)


Message History

Here: Ijyb, wielding a +4 club, wearing a +0 ring mail and carrying a wand of roots (10) (unusually resistant)
The floor.
Unknown command.
Unknown command.
Unknown command.
You aren't carrying any items that you can evoke.
Unknown command.
Okay, then.
You start waiting.
Ijyb is nearby!
Ijyb hits you with a +4 club!
You hit Ijyb but do no damage. Ijyb hits you with a +4 club.
You hit Ijyb.
Ijyb is poisoned.
Ijyb is lightly wounded.
Ijyb zaps a wand.
The roots erupt in riotous growth!
The grasping roots grab you!
Ijyb is unaffected.
The grasping roots constrict you.
You hear a shout! x3
You closely miss Ijyb. You tail-slap Ijyb, but do no damage.
Ijyb is moderately wounded.
Ijyb hits you with a +4 club.
* * * LOW HITPOINT WARNING * * *
The grasping roots constrict you!
* * * LOW HITPOINT WARNING * * *
The grasping roots release their grip on you.
Throw: 7 boomerangs (disperse) {!f}
Press: ? - help, Q - select action, (/) - cycle Shift-Dir - straight line, f - Ijyb
Aim: Ijyb, wielding a +4 club, wearing a +0 ring mail and carrying a wand of roots (9) (moderately wounded, unusually resistant, very poisoned, 47% to hit)
You throw a boomerang of dispersal {!f}.
The boomerang of dispersal {!f} hits Ijyb and shatters, but does no damage.
Ijyb is moderately wounded.
Ijyb hits you with a +4 club.
* * * LOW HITPOINT WARNING * * *
Throw: 6 boomerangs (disperse) {!f}
Press: ? - help, Q - select action, (/) - cycle Shift-Dir - straight line, f/p - Ijyb
Aim: Ijyb, wielding a +4 club, wearing a +0 ring mail and carrying a wand of roots (9) (moderately wounded, unusually resistant, very poisoned, 47% to hit)
You throw a boomerang of dispersal {!f}.
The boomerang of dispersal {!f} barely misses Ijyb.
Ijyb hits you with a +4 club!
You die...

#.......###g##
#.........@..#
########.....#
#.....#
#.....#
#.....#
###.### #.#
..#


You could see Ijyb (resistant, very poisoned).

Vanquished Creatures
  2 adders (D:2)
  A worm (D:2)
  2 dart slugs (D:2)
  5 ball pythons
  2 endoplasms (D:1)
  2 giant cockroaches (D:2)
  4 goblins
  4 jackals (D:2)
  6 bats
  2 frilled lizards
  3 kobolds
  A rat (D:1)
34 creatures vanquished.

Notes
Turn   | Place    | Note
-------+----------+-------------------------------------------
     0 | D:1      | FallingFreak the Armataur Warper began the quest for the
                  | Orb.
     0 | D:1      | Reached XP level 1. HP: 18/18 MP: 3/3
   438 | D:1      | Reached XP level 2. HP: 25/25 MP: 4/4
   441 | D:1      | Learned a level 2 spell: Blink
   444 | D:1      | Learned a level 2 spell: Lesser Beckoning
   460 | D:1      | Found Wogidgh's Distillery.
   474 | D:1      | Bought a potion of curing for 42 gold pieces
  1114 | D:2      | Increase (s)trength, (i)ntelligence, or (d)exterity?
  1114 | D:2      | Reached XP level 3. HP: 31/31 MP: 6/6
  1367 | D:2      | Found a shadowy altar of Dithmenos.
  2072 | D:3      | Noticed Ijyb
  2083 | D:3      | Slain by Ijyb

Illustrated notes

Levels and vault maps discovered:
D:1:      heliophobic_arrival_glass_houses, layout_basic, serial_shops,
          nicolae_shop_stone, minmay_misc_feat_ornament,
          chequers_serial_rivers_small_b, roderic_cross_of_infinity,
          minmay_pentomino_q2
D:2:      layout_rooms, basic_altar
D:3:      layout_loops_cross, minmay_misc_feat_enclosed, corexii_hall_statues_u,
          minmay_divided_ellipse, uniq_ijyb

Skill      XL: |  1  2 |
---------------+-------+-----
Maces & Flails | 2 |  2.3
Spellcasting   | 2 |  2.2
Armour         | 2 |  2.4
Fighting       | |  1.8
Throwing       | |  0.8
Dodging        | |  1.3
Translocations | |  3.4

Action                     || total
---------------------------++-------
  Melee: Mace              ||   101
         Tailslap          ||    11
         Dagger            ||    23
  Throw: Stone             ||     5
         Boomerang         ||     2
 Armour: Leather armour    ||    65
  Dodge: Dodged            ||    71

Table legend: (Time is in decaauts)
 A = Elapsed time spent in this place.
 B = Non-inter-level travel time spent in this place.
 C = Inter-level travel time spent in this place.
 D = Time resting spent in this place.
 E = Time spent auto-exploring this place.
 F = Levels seen in this place.
 G = Mean time per level.
                   A        B        C        D        E       F      G
               +--------+--------+--------+--------+--------+-----+--------+
         Total |   2112 |   2023 |     89 |    355 |   1275 |   3 |  704.0 |
       Dungeon |   2112 |   2023 |     89 |    355 |   1275 |   3 |  704.0 |
               +--------+--------+--------+--------+--------+-----+--------+

Top non-repeatable levels by time:
     D:2: 1007 daAuts
     D:1: 901 daAuts
     D:3: 203 daAuts
